 Dungeon Crawl Stone Soup version 0.17.0-22-g5edae84 (webtiles) character file.

1087 septik the Grappler (level 8, -8/69 HPs)
             Began as a Naga Fighter on Nov 12, 2015.
             Killed by divine providence
             ... invoked by an orc priest
              (15 damage)
             ... on level 5 of the Dungeon.
             The game lasted 00:17:06 (5715 turns).

septik the Grappler (Naga Fighter)                  Turns: 5715, Time: 00:17:07

Health: -8/69      AC:  6    Str: 25    XL:     8   Next: 30%
Magic:  8/8        EV:  9    Int: 10    God:
Gold:   291        SH:  2    Dex: 10    Spells: 0 memorised, 7 levels left

rFire  . . .     SeeInvis +       - Unarmed
rCold  . . .     Clarity  .     F - +2 robe of Attukh {Str+5}
rNeg   . . .     SustAt   +     c - -2 buckler (curse)
rPois  +         Gourm    .     k - +0 helmet
rElec  .         Spirit   .     (no cloak)
rCorr  .         Warding  .     (no gloves)
rMut   .         Stasis   .     (no barding)
MR     ++...                    (no amulet)
Stlth  +.........               I - ring of protection from magic
                                G - ring of sustain attributes

@: very slow, very resistant to hostile enchantments, very unstealthy
A: see invisible, deformed body, poison resistance, slowness 2, slow metabolism
1, spit poison 2, AC +2
a: Spit Poison


You were on level 5 of the Dungeon.
You were not hungry.

You visited 1 branch of the dungeon, and saw 6 of its levels.

You collected 291 gold pieces.

Inventory:

Missiles
 n - 161 stones
 p - 51 arrows
 s - 4 sling bullets
 y - 15 poisoned needles
 H - 6 tomahawks (quivered)
Armour
 a - a +0 scale mail
 b - a +0 shield
 c - a cursed -2 buckler (worn)
 k - a +0 helmet (worn)
 F - the +2 robe of Attukh (worn) {Str+5}
   (You found it on level 4 of the Dungeon)

   It affects your strength (+5).
Jewellery
 G - a ring of sustain attributes (left hand)
 I - a ring of protection from magic (right hand)
Wands
 r - a wand of flame (24)
 J - a wand of disintegration (17)
Scrolls
 e - 8 scrolls of identify {unknown}
 h - 4 scrolls of remove curse {unknown}
 m - 2 scrolls of enchant weapon {unknown}
 o - a scroll of random uselessness {unknown}
 t - 2 scrolls of teleportation {unknown}
 v - 2 scrolls of recharging {unknown}
 x - 2 scrolls of noise {unknown}
 B - 2 scrolls of magic mapping {unknown}
 C - 2 scrolls of enchant armour {unknown}
 E - a scroll of fog {unknown}
Potions
 i - 2 potions of degeneration {unknown}
 j - a potion of haste {unknown}
 l - 2 potions of flight {unknown}
 q - a potion of brilliance {unknown}
 z - a potion of ambrosia {unknown}
 D - a potion of heal wounds {unknown}
Books
 A - a book of the Dragon

   Spells                             Type                      Level
   a - Flame Tongue                   Conjuration/Fire             1
   b - Cause Fear                     Hexes                        4
   c - Bolt of Fire                   Conjuration/Fire             6
   d - Dragon Form                    Transmutation                7
   e - Dragon's Call                  Summoning                    9
Comestibles
 d - a bread ration
 f - 6 meat rations
 g - 3 slices of pizza
 w - 4 beef jerkies


   Skills:
 - Level 3.0 Fighting
 - Level 2.4 Armour
 - Level 2.4 Shields
 + Level 9.7 Unarmed Combat


You had 7 spell levels left.
You didn't know any spells.

Dungeon Overview and Level Annotations

Branches:
Dungeon (6/15)
 Temple: D:4-7

Altars:
Beogh

Annotations:
D:5 zkyp's ghost, amateur DgHu


Innate Abilities, Weirdness & Mutations

You cannot wear boots.
Your serpentine skin is tough (AC +2).
You have supernaturally acute eyesight.
Armour fits poorly on your strangely shaped body.
Your system is resistant to poisons.
You cover ground very slowly.
You have a slow metabolism.
You can spit poison.


Message History

The orc priest hits you from afar with a trident.
* * * LOW HITPOINT WARNING * * *
You hit the giant frog skeleton. The giant frog skeleton hits you.
* * * LOW HITPOINT WARNING * * *
You punch the giant frog skeleton!
You destroy the giant frog skeleton!
The orc priest hits you from afar with a trident.
* * * LOW HITPOINT WARNING * * *
The orc priest misses you.
You see here a scorpion corpse.
You hit the orc priest.
The orc priest is lightly wounded.
The orc priest closely misses you.
You hit the orc priest.
The orc priest is moderately wounded.
You have got your breath back.
The orc priest hits you but does no damage.
The orc priest calls down the wrath of Beogh upon you.
Something smites you!
You die...

.. ... ....
....###+#
###.....######.##
.......o@........
........######.##
....#........# ..
#..o.....#
#........#
#........#
.....o.....
.###....o... ..
#........


You could see 2 orc priests.

Vanquished Creatures
  Sigmund (D:2)
  4 ogres (D:4)
  A scorpion (D:5)
  A jelly (D:5)
  A hound (D:5)
  2 orc wizards (D:3)
  2 orc priests
  A giant frog skeleton (D:5)
  Terence (D:3)
  Natasha (thrice) (D:3)
  An iguana (D:4)
  A worker ant (D:4)
  8 adders
  3 gnolls (D:3)
  2 oozes
  An adder skeleton (D:4)
  4 worms
  2 giant geckos
  6 orcs
  2 ball pythons (D:1)
  8 giant cockroaches
  10 goblins
  10 hobgoblins
  4 jackals (D:1)
  A quokka (D:4)
  6 bats
  3 giant newts
  6 kobolds
  12 rats
107 creatures vanquished.

Notes
Turn   | Place    | Note
--------------------------------------------------------------
     0 | D:1      | septik the Naga Fighter began the quest for the Orb.
     0 | D:1      | Reached XP level 1. HP: 21/21 MP: 1/1
   297 | D:1      | Reached XP level 2. HP: 18/28 MP: 2/2
   926 | D:1      | Reached XP level 3. HP: 30/34 MP: 3/3
  1540 | D:2      | Reached skill level 4 in Unarmed Combat
  1951 | D:2      | Reached XP level 4. HP: 42/42 MP: 4/4
  2249 | D:2      | Noticed Sigmund
  2256 | D:2      | Killed Sigmund
  2256 | D:2      | Reached skill level 6 in Unarmed Combat
  2256 | D:2      | Reached XP level 5. HP: 30/49 MP: 5/5
  2256 | D:2      | Reached XP level 6. HP: 34/56 MP: 6/6
  2532 | D:3      | Noticed Terence
  2542 | D:3      | Killed Terence
  2771 | D:3      | Noticed Natasha
  2781 | D:3      | Killed Natasha
  3460 | D:3      | Noticed Natasha
  3471 | D:3      | Killed Natasha
  3560 | D:3      | Reached skill level 7 in Unarmed Combat
  3588 | D:3      | Noticed Natasha
  3593 | D:3      | Killed Natasha
  3675 | D:3      | Reached XP level 7. HP: 17/62 MP: 7/7
  4515 | D:4      | Got a faintly glowing robe
  4526 | D:4      | Identified the +2 robe of Attukh {Str+5} (You found it on level 4 of the Dungeon)
  4538 | D:4      | Reached skill level 8 in Unarmed Combat
  5149 | D:4      | Found a roughly hewn altar of Beogh.
  5245 | D:4      | Reached skill level 9 in Unarmed Combat
  5245 | D:4      | Reached XP level 8. HP: 44/69 MP: 8/8
  5536 | D:5      | Entered Level 5 of the Dungeon
  5668 | D:5      | Noticed zkyp's ghost (amateur DgHu)
  5715 | D:5      | Killed from afar by an orc priest

Action                   |  1- 3 |  4- 6 |  7- 9 || total
-------------------------+-------+-------+-------++-------
Melee: Unarmed           |   175 |   186 |   117 ||   478
Throw: Stone             |     8 |    61 |    56 ||   125
       Tomahawk          |       |       |     2 ||     2
 Abil: Spit Poison       |     1 |     9 |    18 ||    28
  Use: Potion            |       |     1 |     2 ||     3
  Eat: Chunk             |     2 |     6 |     6 ||    14
